 Dungeon Crawl Stone Soup version 0.29-a0-270-g1586fc07ea (webtiles) character file.

Game seed: 6757393396165150004

10245 Leszczynek the Basher (level 11, 65/90 HPs)
             Began as a Formicid Monk on Mar 6, 2022.
             Was an Elder of Makhleb.
             Quit the game on level 15 of the Dungeon on Mar 7, 2022.
             The game lasted 01:03:12 (5775 turns).

Leszczynek the Basher (Formicid Monk)               Turns: 5775, Time: 01:03:12

Health: 65/90      AC: 10    Str: 20    XL:     11   Next: 89%
Magic:  26/26      EV: 10    Int: 10    God:    Makhleb [****..]
Gold:   352        SH:  8    Dex: 13    Spells: 10/10 levels left

rFire   . . .      SeeInvis +   a - +3 dire flail (protect)
rCold   . . .      Faith    .   E - +0 kite shield {AC+3}
rNeg    . . .      Spirit   +   l - +0 ring mail
rPois   .          Reflect  .   (helmet unavailable)
rElec   .          Harm     .   q - scarf {+Inv}
rCorr   +          Rampage  .   (no gloves)
Will    +....                   g - +0 pair of boots
Stlth   +.........              s - amulet of guardian spirit
HPRegen 0.25/turn               i - ring of resist corrosion
MPRegen 0.20/turn               z - ring of magical power

@: no status effects
A: permanent stasis, dig shafts and tunnels, antennae 3, four strong arms
a: Dig, Shaft Self, Renounce Religion, Evoke Invisibility, Minor Destruction,
Lesser Servant of Makhleb, Major Destruction


You were on level 15 of the Dungeon.
You worshipped Makhleb.
Makhleb was greatly pleased with you.
You visited 1 branch of the dungeon, and saw 13 of its levels.

You collected 376 gold pieces.
You spent 24 gold pieces at shops.

Inventory:

Hand Weapons
 a - a +3 dire flail of protection (weapon)
 b - a +0 shortbow
 c - a +0 long sword
 j - a +0 war axe
 n - the +8 whip of Impermanence {spect, Dex+4}
   (You found it on level 7 of the Dungeon)

   When its wielder attacks, the weapon's spirit leaps out and strikes again.
   The spirit shares a part of any damage it takes with its wielder.
   Dex:       It affects your dexterity (+4).
 C - a +2 whip of electrocution
Missiles
 o - a curare-tipped dart
 B - 12 poisoned darts (quivered)
 F - a throwing net
Armour
 f - a +0 plate armour
 g - a +0 pair of boots (worn)
 k - a +0 scale mail
 l - a +0 ring mail (worn)
 q - a scarf of invisibility (worn)
 E - a +0 kite shield of protection (worn)
Jewellery
 i - a ring of resist corrosion (left hand)
 s - an amulet of guardian spirit (around neck)
 z - a ring of magical power (right hand)
Wands
 e - a wand of charming (3)
 y - a wand of paralysis (16)
Scrolls
 d - a scroll of amnesia
 p - 2 scrolls of vulnerability {!r}
 r - a scroll of enchant armour {unknown}
 t - a scroll of immolation {!r}
 v - a scroll of enchant weapon {unknown}
 w - a scroll of summoning {unknown}
 x - 2 scrolls of silence {!r}
 A - 2 scrolls of fog
 D - a scroll of magic mapping {unknown}
Potions
 h - 3 potions of curing {@q1}
 m - a potion of brilliance
 u - a potion of magic {unknown}


   Skills:
 + Level 9.8 Fighting
 - Level 5.0(9.3) Axes
 * Level 12.2(12.6) Maces & Flails
 - Level 4.4 Armour
 - Level 2.6 Dodging
 - Level 2.4 Stealth
 + Level 2.7 Shields
 - Level 8.1 Invocations
 + Level 3.8 Evocations


You had 10 spell levels left.
You didn't know any spells.
Your spell library contained the following spells:

 Spells                   Type           Power      Damage    Failure   Level
 Foxfire                  Conj/Fire      0%         2x1d4     83%         1
 Conjure Flame            Conj/Fire      0%         6-21      99%         3
 Inner Flame              Hex/Fire       0%         N/A       99%         3
 Lesser Beckoning         Tloc           0%         N/A       99%         3
 Stone Arrow              Conj/Erth      0%         3d7       99%         3
 Animate Armour           Summ/Erth      0%         N/A       100%        4
 Flame Wave               Conj/Fire      0%         2d4       100%        4
 Manifold Assault         Tloc           0%         N/A       100%        5
 Lehudib's Crystal Spear  Conj/Erth      0%         10d2      100%        8
 Blink                    Tloc           Unusable   N/A       N/A         2

Dungeon Overview and Level Annotations

Branches:
Dungeon (14/15)            Temple (0/1) D:7             Orc (0/2) D:9
   Lair: D:8-11      Vaults: D:13-14

Altars:
Makhleb
The Shining One

Shops:
D:1 *

Annotations:
D:4 Dowan, Duvessa, Grinder
D:11 exclusions: boulder beetle and manticore, Lodul, Maurice


Innate Abilities, Weirdness & Mutations

You cannot be hasted, slowed, berserked, paralysed or teleported.
You can dig through walls and to a lower floor.
You have a pair of large antennae on your head. (SInv)
Your four strong arms can wield two-handed weapons with a shield.


Message History

The green ugly thing closely misses your ufetubus.
Your ynoxinul disappears in a puff of smoke!
Your ufetubus disappears in a puff of smoke! x2
The green ugly thing basks in the mutagenic energy from its kin and changes!
A demon appears!
You block the green ugly thing's attack.
You swap places.
The green ugly thing attacks as you move away!
You block the green ugly thing's attack.
The green ugly thing gores your neqoxec!
Your neqoxec hits the green ugly thing.
The green ugly thing closely misses your neqoxec.
Your neqoxec hits the green ugly thing!
The green ugly thing barely misses your neqoxec.
Your neqoxec hits the green ugly thing.
Something completely misses your neqoxec.
You extend your mandibles.
Are you sure you want to shaft yourself?
Magic restored.
You begin to dig a shaft.
You continue digging a shaft.
A shaft appears beneath you!
You fall into a shaft and drop 1 floor!
The shaft crumbles and collapses.
Beware, you cannot shaft yourself on this level.
Your summoned ally is left behind.
You feel a wave of frost pass over you.
There is an entrance to an ice cave on this level.
Hurry and find it before the portal melts!
Unknown command.
Unknown command.
Enter note: XD
Enter note: i'll just quit here i think You retract your mandibles.
A necromancer comes into view. It is wielding a +0 dagger.
Found 26 gold pieces.
The tengu warrior shouts!
The necromancer shouts!
The deep troll shouts!
You hear a shout! x3
A stone giant comes into view.
Unknown command.
Unknown command.
Are you sure you want to abandon this character and quit the game? (Confirm with "yes".)

....... ...
....... ...
...... .. .....
.. ##... .#
+.... .#####
#...Q#...p.#
#@#.#..#
#...$#T..#
#.....#.....#
#.....#⌠..#....
##.#..####.####
#.##. #.C + .#
... . ..# #.


You could see a stone giant, a tengu warrior, a deep troll and a necromancer.

Vanquished Creatures
  3 two-headed ogres
  Pikel (D:8)
  A manticore (D:14)
  A cyclops (D:11)
  A gargoyle (D:11)
  An unseen horror (D:10)
  2 hornets
  8 yaks
  A steam dragon (D:8)
  4 vampire mosquitoes (D:11)
  Edmund (D:5)
  2 acid dragons
  3 orc warriors
  A black bear (D:8)
  An ice beast (D:8)
  A sky beast (D:8)
  6 centaurs
  An ogre (D:6)
  A phantom (D:7)
  A lemure (D:8)
  4 kobold brigands
  A gnoll sergeant (D:9)
  3 scorpions
  A bullfrog (D:8)
  A necrophage (D:8)
  5 killer bees
  2 howler monkeys (D:10)
  A hound (D:5)
  2 gnoll shamans
  2 orc priests
  2 iguanas
  4 orc wizards
  17 gnolls
  4 adders (D:3)
  3 white imps
  2 dart slugs (D:2)
  2 worms
  24 orcs
  2 endoplasms
  5 hobgoblins
  11 kobolds
  2 quokkas
  4 ball pythons
  3 bats (D:1)
  4 frilled lizards
  4 goblins
  3 rats (D:3)
159 creatures vanquished.

Vanquished Creatures (collateral kills)
  An ugly thing (D:14)
  A manticore (D:7)
  A kobold demonologist (D:11)
  An ice beast (D:7)
  A lemure (D:8)
  A bullfrog (D:7)
  6 killer bees
  A howler monkey (D:8)
  2 gnolls
  An orc (D:8)
16 creatures vanquished.

Vanquished Creatures (others)
  7 plants (D:11)
7 creatures vanquished.

Grand Total: 182 creatures vanquished

Notes
Turn   | Place    | Note
-------+----------+-------------------------------------------
     0 | D:1      | Leszczynek the Formicid Monk began the quest for the Orb.
     0 | D:1      | Reached XP level 1. HP: 18/18 MP: 1/1
   140 | D:1      | Reached XP level 2. HP: 16/24 MP: 2/2
   354 | D:2      | Found a faded altar of an unknown god.
   433 | D:1      | Found Tust's Assorted Antiques.
   438 | D:1      | Bought a pink potion for 24 gold pieces
   519 | D:2      | Reached skill level 4 in Axes
   519 | D:2      | Reached XP level 3. HP: 15/29 MP: 3/3
   583 | D:2      | Found a burning altar of Makhleb.
   657 | D:2      | Became a worshipper of Makhleb the Destroyer
   657 | D:2      | Reached * piety under Makhleb
   657 | D:2      | Reached ** piety under Makhleb
   697 | D:2      | Reached XP level 4. HP: 23/35 MP: 4/4
   849 | D:3      | Reached skill level 5 in Axes
   873 | D:3      | Reached skill level 4 in Fighting
   873 | D:3      | Reached XP level 5. HP: 39/42 MP: 5/5
   999 | D:3      | Upgraded the game from 0.29-a0-266-gf56f883ddd to
                  | 0.29-a0-270-g1586fc07ea
  1042 | D:4      | Noticed Duvessa
  1043 | D:4      | see
  1043 | D:4      | this happens
  1043 | D:4      | i'm in a middle of a fight
  1043 | D:4      | and now a logical course of action would be to run to the
                  | stairs
  1043 | D:4      | because while i can deal with my current opponent, i
                  | certainly don't want to try dealing with Duvessa
  1043 | D:4      | so now I have to run to the stairs while getting hit in the
                  | back every third turn or so
  1043 | D:4      | in this case it's not a problem because it's a hobgoblin,
                  | but what if it was something stronger?
  1043 | D:4      | so the solution to this is obvious - EVEN MORE LURING
  1043 | D:4      | upon sight immediate lure the monster far away to not
                  | propagate fighting noise
  1043 | D:4      | *immediately
  1043 | D:4      | because i can't wait and see if maybe the fighting won't
                  | wake up anything more dangerous
  1043 | D:4      | or rather it's not that i can't, i shouldn't
  1043 | D:4      | it's not optimal
  1043 | D:4      | you should be luring everything away now
  1043 | D:4      | very nice, great gameplay
  1043 | D:4      | this was the case before too but you weren't actively
                  | punished for trying to fight too close to unexplored area
  1043 | D:4      | unless it was something fast or a ranged attacker, you
                  | could just go back to a safer area
  1043 | D:4      | but now you're getting hit every third step
  1043 | D:4      | imagine if it was an orc warrior lol
  1043 | D:4      | optimal gameplay is now luring everything away 100% of the
                  | time :)
  1043 | D:4      | good job
  1223 | D:4      | Noticed a centaur
  1227 | D:4      | Noticed Grinder
  1439 | D:4      | HP: 1/43 [orc priest/divine providence (11)]
  1451 | D:4      | HP: 6/43 [orc priest/nerve-wracking pain (10)]
  1568 | D:3      | Reached skill level 1 in Maces & Flails
  1630 | D:3      | HP: 2/43 [orc wizard/puff of flame (12)]
  1635 | D:3      | Reached XP level 6. HP: 18/50 MP: 0/6
  1724 | D:4      | Reached skill level 5 in Fighting
  1724 | D:4      | Reached skill level 2 in Maces & Flails
  1724 | D:4      | Reached skill level 1 in Invocations
  1730 | D:3      | okay
  1887 | D:5      | Entered Level 5 of the Dungeon
  1964 | D:5      | Reached skill level 3 in Maces & Flails
  1982 | D:5      | Reached skill level 2 in Invocations
  1982 | D:5      | Reached XP level 7. HP: 24/56 MP: 3/8
  2026 | D:6      | Noticed a yak
  2026 | D:6      | Noticed a yak
  2026 | D:6      | Noticed a yak
  2158 | D:5      | Noticed Edmund
  2166 | D:5      | Reached *** piety under Makhleb
  2167 | D:5      | Reached skill level 4 in Maces & Flails
  2167 | D:5      | Reached skill level 3 in Invocations
  2169 | D:5      | aa doesn't do shit
  2169 | D:5      | can't even hit ONCE
  2381 | D:6      | HP: 9/56 [gnoll shaman/+0 club (5)]
  2442 | D:5      | Reached skill level 5 in Maces & Flails
  2442 | D:5      | Reached XP level 8. HP: 59/62 MP: 8/10
  2495 | D:5      | Killed Edmund
  2496 | D:5      | Reached skill level 4 in Invocations
  2585 | D:4      | Noticed Dowan
  2621 | D:6      | Found a glowing golden altar of the Shining One.
  2668 | D:6      | Killed a yak
  2669 | D:6      | Reached skill level 6 in Maces & Flails
  2669 | D:6      | Reached skill level 5 in Invocations
  2678 | D:6      | Killed a yak
  2687 | D:6      | Killed a yak
  2688 | D:6      | Reached skill level 7 in Maces & Flails
  2688 | D:6      | Reached XP level 9. HP: 29/68 MP: 6/13
  2723 | D:6      | HP: 6/68 [ogre/+0 giant club (9)]
  2725 | D:6      | Reached skill level 6 in Invocations
  2737 | D:7      | HP: 7/68 [gnoll/+0 flail of holy wrath (2)]
  2742 | D:7      | HP: 2/68 [gnoll/+0 flail of holy wrath (4)]
  2747 | D:7      | HP: 9/68 [ice beast (5)]
  2813 | D:7      | Reached skill level 6 in Fighting
  2815 | D:7      | Noticed a manticore
  2824 | D:7      | Killed a manticore
  2825 | D:7      | Reached skill level 7 in Fighting
  2825 | D:7      | Reached skill level 7 in Invocations
  2872 | D:7      | nice spawns btw
  2872 | D:7      | d6 yaks, d7 manticore
  2874 | D:7      | Found a staircase to the Ecumenical Temple.
  2909 | D:7      | Identified the +8 whip of Impermanence {spect, Dex+4}
  3116 | D:8      | Reached skill level 8 in Maces & Flails
  3156 | D:8      | HP: 14/72 [bullfrog (3)]
  3348 | D:8      | Reached XP level 10. HP: 64/79 MP: 13/15
  3351 | D:8      | Reached skill level 9 in Maces & Flails
  3431 | D:9      | Noticed a two-headed ogre
  3498 | D:8      | Noticed Pikel
  3501 | D:8      | Killed Pikel
  3502 | D:8      | Reached skill level 8 in Fighting
  3563 | D:8      | Reached skill level 10 in Maces & Flails
  3591 | D:9      | Noticed a two-headed ogre
  3707 | D:8      | Identified the +0 robe of the Mauling Gods {Drain rPois
                  | Will+}
  3815 | D:9      | Noticed a two-headed ogre
  3833 | D:9      | Killed a two-headed ogre
  3834 | D:9      | Reached skill level 1 in Armour
  3930 | D:10     | Entered Level 10 of the Dungeon
  3994 | D:10     | Noticed an unseen horror
  4015 | D:10     | Reached **** piety under Makhleb
  4016 | D:10     | Reached skill level 2 in Armour
  4038 | D:10     | Killed an unseen horror
  4139 | D:10     | Reached skill level 3 in Armour
  4148 | D:10     | Reached skill level 8 in Invocations
  4148 | D:10     | Reached XP level 11. HP: 48/87 MP: 9/17
  4362 | D:9      | Found a staircase to the Orcish Mines.
  4417 | D:9      | Reached skill level 11 in Maces & Flails
  4556 | D:9      | Reached skill level 9 in Fighting
  4588 | D:9      | HP: 17/89 [poisoned by a killer bee]
  4593 | D:9      | HP: 12/89 [poisoned by a killer bee]
  4605 | D:9      | HP: 9/89 [vampire/stone (4)]
  4818 | D:10     | Reached skill level 1 in Evocations
  4926 | D:10     | Noticed a two-headed ogre
  4933 | D:10     | Killed a two-headed ogre
  4934 | D:10     | Reached skill level 4 in Armour
  4934 | D:10     | Reached skill level 2 in Evocations
  4942 | D:10     | Noticed a red ugly thing
  5033 | D:11     | HP: 17/89 [poisoned by a kobold brigand]
  5036 | D:11     | Noticed a cyclops
  5038 | D:11     | HP: 17/89 [vampire mosquito (4)]
  5038 | D:11     | HP: 7/89 [vampire mosquito (6)]
  5061 | D:10     | why is major destruction so goddamn awful
  5061 | D:10     | why would you EVER use it over summoning
  5061 | D:10     | costs less and is 3-4 times more effective
  5061 | D:10     | against a SINGLE TARGET
  5061 | D:10     | maybe it gets better at 20 invo lol
  5345 | D:11     | Noticed a six-headed hydra
  5375 | D:11     | Noticed a manticore
  5403 | D:11     | Noticed a boulder beetle
  5420 | D:11     | Noticed a cyclops
  5421 | D:11     | Noticed a two-headed ogre
  5464 | D:11     | Killed a two-headed ogre
  5465 | D:11     | Reached skill level 1 in Shields
  5465 | D:11     | Reached skill level 3 in Evocations
  5480 | D:11     | Killed a cyclops
  5518 | D:11     | Reached skill level 12 in Maces & Flails
  5518 | D:11     | Reached skill level 2 in Shields
  5524 | D:11     | Noticed a two-headed ogre
  5524 | D:11     | Noticed a two-headed ogre
  5525 | D:11     | Noticed Lodul
  5529 | D:11     | Noticed a two-headed ogre
  5529 | D:11     | Noticed Maurice
  5530 | D:11     | gg
  5531 | D:11     | HP: 15/90 [two-headed ogre/+0 giant club (4)]
  5532 | D:11     | You fall into a shaft and drop 3 floors!
  5726 | D:14     | Noticed a manticore
  5734 | D:14     | Killed a manticore
  5744 | D:14     | Noticed a green ugly thing
  5751 | D:14     | Noticed a green ugly thing
  5752 | D:14     | Noticed a green ugly thing
  5755 | D:14     | Noticed a green ugly thing
  5756 | D:14     | Killed a green ugly thing
  5757 | D:14     | Noticed a centaur warrior
  5757 | D:14     | Noticed a fire crab
  5757 | D:14     | a troll changed into a fire crab
  5773 | D:14     | You fall into a shaft and drop 1 floor!
  5773 | D:15     | Entered Level 15 of the Dungeon
  5773 | D:15     | Noticed a tengu warrior
  5773 | D:15     | Noticed a deep troll
  5774 | D:15     | XD
  5774 | D:15     | i'll just quit here i think
  5774 | D:15     | Noticed a necromancer
  5774 | D:15     | Noticed a stone giant
  5775 | D:15     | Quit the game

Illustrated notes ......... ......... ........e .......S# ........# # ........### #. ..........# .. #g# .. ###@### #. #.....#... #.###.......# #..<#.....### #.........# #.##.###### ... #.# ..# #.. .... ##.. Turn 1043 on D:4: see #.# #.#########.###.# #.# #............<..# #.# ###########.##### #.# #.# #.# #.# #.# #.# #.# #.# ## #.########### #.# #. #..........@# #.# #) ###########.#####.## #> #........# #) #######..########. #........... #.....[..... ############ Turn 1730 on D:3: okay ...............###<.#. ####.#..#.###.....##..#. #...........#.#...##.... #....................... #.................##.... ##.......###.#.#.>....... #.......<...........#.... #######.####.###....#.... #.@....# #......... ####.........###... #.##....... ... #.# #.#..# #.# ..... #.# ...# #.# {.# #.. .@# Turn 2169 on D:5: aa doesn't do shit .#.#.# #.. ...⌠. #.#.#.# ... ...$..) .. .#.#.#.#.# ........ .. #.#.#.#.###.##.##.##. .#+#+#.#.#.......... . ........#.#.#......# ... .......#.#.#..##...#..## ........#.#.#........... .#+#+#.#.#.#†.##@.###.# #.#.#.......#...4.....#. †#.#+#................... ..............#.......#.# .........#.#.##†..#.#.... ...).....#.#..#...#.# #.# ......................... ....#.##.#.#..#.#.#.#.#. ....#.##.#.#..#.#.#.#.# Turn 2872 on D:7: nice spawns btw

.......................# #
.#..#.#.#.#.#.#.#.#.#..#.#
...#.....................
.....#.#.#.#.#.#.#.#...##
..........................#
......#.#.#.#.#.#.#.#####.#
.....#..................#.#
.....#.#.#.#.#.#.#.####.#.####
####.##.........@...##..#.#..#
####.###.#..#.......##..#.#..#
........^#.##.>.....[...#.#<.#
.....#####.###......##..#.##[#
.....### #.# #......##.[..†..#
........ ..# #......##.y...###
.....### ### #......##.....#
.....# #########.#...# .....#
#.###.#


Turn 5061 on D:10: why is major destruction so goddamn awful
##################### #...................## ...>.................#
.....................♣≈≈ ....................♣≈≈P ≈.......)##..........≈≈.
...........[####@...♣≈. ......#.....)B).O....♣ ................O......≈
.<...............##..... #...#..≈..........{..#.. ........≈......<..O{.OO.
..#....≈≈..............@ ..≈.#..≈................ B.≈...............#.## Turn
5530 on D:11: gg .... .... .... ##.. ..Q. #### ..# ...{# #.#.#..# #@..# #.T...#
#⌠..#.... ####.#### #..{ ... ..# #. Turn 5774 on D:15: XD

Levels and vault maps discovered:
D:1:      saegor_arrival_simple_e, layout_basic, serial_shops,
          nicolae_shop_trees
D:2:      layout_rooms, basic_altar, ebering_ecumenical_altar_petrified,
          minmay_pentomino_v4
D:3:      layout_loops_ring
D:4:      layout_rooms, uniq_grinder, uniq_duvessa
D:5:      minmay_evil_eye, layout_basic, uniq_edmund
D:6:      layout_basic, lemuel_doored_altar, kennysheep_opposing_triangles
D:7:      layout_basic, minmay_temple_entry_large_hall
D:8:      layout_gridville, uniq_pikel
D:9:      layout_long_grid, david_orc_2
D:10:     layout_basic, hex_large
D:11:     cheibrodos_ideogram_h, layout_basic, serial_bayou_pond_b,
          uniq_maurice, uniq_lodul
D:14:     minmay_quarter_circles, layout_loops_cross, david_vaults_5,
          gammafunk_ghost_icy, nemelex_xobeh_ov_fountains_minmay, uniq_nessos
D:15:     hangedman_depths_entry_civil_slaughter, layout_gridville,
          portal_ice_cave_entry_horrid_things

Skill      XL: |  1  2  3  4  5  6  7  8  9 10 11 |
---------------+----------------------------------+-----
Axes           | 4 5 |  5.0
Fighting       | 4 5 7 8 9 |  9.8
Maces & Flails | 1 3 5 7 8 10 12 | 12.2
Invocations    | 2 3 5 7 8 |  8.1
Armour         | 3 4 |  4.4
Evocations     | 3 |  3.8
Shields        | 2 |  2.7
Dodging        | |  2.6
Stealth        | |  2.4

Action                   |  1- 3 |  4- 6 |  7- 9 | 10-12 || total
-------------------------+-------+-------+-------+-------++-------
Melee: Hand axe          |    61 |       |       |       ||    61
       Punch             |     1 |     2 |     1 |     2 ||     6
       Flail             |       |   152 |    70 |       ||   222
       Dire flail        |       |       |   122 |   239 ||   361
 Fire: Hunting sling     |       |     6 |     1 |       ||     7
       Shortbow          |       |       |     8 |     3 ||    11
Throw: Javelin           |     7 |    10 |       |       ||    17
       Dart              |       |       |     1 |     4 ||     5
Invok: Minor Destruction |       |     5 |    12 |     8 ||    25
       Lesser Servant of |       |       |     3 |     9 ||    12
       Major Destruction |       |       |       |     4 ||     4
 Abil: Dig               |       |       |       |     2 ||     2
       Shaft Self        |       |       |       |     2 ||     2
Evoke: Wand              |       |       |     3 |     1 ||     4
  Use: Potion            |       |     4 |     9 |     3 ||    16
       Scroll            |       |       |     7 |     1 ||     8
 Stab: Paralysed         |       |       |     7 |       ||     7
       Distracted        |       |       |       |     2 ||     2
Armor: Robe              |     2 |       |       |       ||     2
       Ring mail         |     7 |    74 |    74 |    96 ||   251
       Skin              |       |       |     2 |       ||     2
Dodge: Dodged            |    42 |   119 |   107 |   120 ||   388
Block: Kite shield       |       |       |       |     7 ||     7

Table legend: (Time is in decaauts)
 A = Elapsed time spent in this place.
 B = Non-inter-level travel time spent in this place.
 C = Inter-level travel time spent in this place.
 D = Time resting spent in this place.
 E = Time spent auto-exploring this place.
 F = Levels seen in this place.
 G = Mean time per level.
                   A        B        C        D        E       F      G
               +--------+--------+--------+--------+--------+-----+--------+
         Total |   6012 |   5603 |    409 |     44 |      0 |  13 |  462.5 |
       Dungeon |   6012 |   5603 |    409 |     44 |      0 |  13 |  462.5 |
               +--------+--------+--------+--------+--------+-----+--------+

Top non-repeatable levels by time:
     D:3: 1028 daAuts
     D:8: 843 daAuts
     D:9: 786 daAuts
    D:10: 627 daAuts
     D:5: 542 daAuts
     D:2: 495 daAuts
     D:7: 342 daAuts
    D:14: 324 daAuts
    D:11: 290 daAuts
     D:4: 267 daAuts
     D:1: 231 daAuts
     D:6: 231 daAuts
    D:15: 1 daAuts
